 Dungeon Crawl Stone Soup version 0.31-a0-925-g0a390f2509 (webtiles) character file.

Game seed: 3402014691609993524

7899 Hubris850 the Eye of the Storm (level 11, -5/82 HPs)
             Began as a Hill Orc Fighter on Oct 18, 2023.
             Was a Priest of Qazlal.
             Slain by an orc warrior
             ... wielding a +0 war axe
              (7 damage)
             ... on level 10 of the Dungeon.
             The game lasted 00:21:19 (9078 turns).

Hubris850 the Eye of the Storm (Hill Orc Fighter)   Turns: 9078, Time: 00:21:20

Health: -5/82      AC: 15    Str: 24    XL:     11   Next: 22%
Magic:  21/21      EV:  6    Int:  8    God:    Qazlal [***...]
Gold:   1651       SH:  9    Dex: 10    Spells: 10/10 levels left

rFire   . . .        u - +8 mace "Ruraeq" {holy, Fly rN+}
rCold   . . .        c - +0 buckler
rNeg    + . .        e - +0 plate armour
rPois   .            x - +0 helmet
rElec   .            (no cloak)
rCorr   .            y - +0 pair of gloves
SInv    .            H - +0 pair of boots {rampage}
Will    .....        m - amulet of magic regeneration Stlth
                     (no ring)
HPRegen 0.33/turn    (no ring)
MPRegen 0.57/turn

%: rampage
@: about to teleport, flying
A: no striking features
a: Renounce Religion, Upheaval, Elemental Force


You were on level 10 of the Dungeon.
You worshipped Qazlal.
Qazlal was most pleased with you.
You visited 1 branch of the dungeon, and saw 10 of its levels.

You collected 1651 gold pieces.

Inventory:

Hand Weapons
 a - a +0 war axe
 l - a +3 double sword
 u - the +8 mace "Ruraeq" (weapon) {holy, Fly rN+}
   (You found it on level 3 of the Dungeon)

   rN+:       It protects you from negative energy.
   Fly:       It grants you flight.
 J - a +6 whip
 K - the +6 quarterstaff of Sitiruise {spect, +Blink rF+ rC+ rCorr}
   (You found it on level 10 of the Dungeon)

   rF+:       It protects you from fire.
   rC+:       It protects you from cold.
   +Blink:    It lets you blink.
   rCorr:     It protects you from acid and corrosion.
Missiles
 t - 31 poisoned darts (quivered)
 F - a curare-tipped dart
 M - 4 javelins
Armour
 b - a +0 scale mail
 c - a +0 buckler (worn)
 e - a +0 plate armour (worn)
 w - a +0 pair of boots
 x - a +0 helmet (worn)
 y - a +0 pair of gloves (worn)
 H - a +0 pair of boots of rampaging (worn)
Magical Staves
 p - a staff of earth
Jewellery
 m - an amulet of magic regeneration (around neck)
Wands
 k - a wand of paralysis (1)
 s - a wand of quicksilver (8)
 B - a wand of flame (11)
 G - a wand of iceblast (11)
Scrolls
 d - 3 scrolls of enchant weapon
 f - a scroll of poison
 g - a scroll of torment
 j - a scroll of teleportation
 o - 4 scrolls of blinking {unknown}
 r - a scroll of revelation {unknown}
 v - 3 scrolls of silence {unknown}
 E - a scroll of noise {unknown}
 L - a scroll of brand weapon {unknown}
Potions
 h - 4 potions of curing
 i - 5 potions of attraction
 n - a potion of ambrosia
 q - a potion of haste
 z - a potion of magic
 A - 2 potions of enlightenment {unknown}
 C - 2 potions of mutation {unknown}
 D - 3 potions of lignification {unknown}
 I - a potion of invisibility {unknown}


   Skills:
 - Level 3.6 Fighting
 - Level 6.9(11.3) Axes
 + Level 11.8(12.4) Maces & Flails
 - Level 5.0 Armour
 - Level 5.0 Shields
 + Level 14.3 Invocations


You had 10 spell levels left.
You didn't know any spells.
Your spell library contained the following spells:

 Spells                   Type           Power      Damage    Failure   Level
 Freeze                   Ice            0%         1d3       100%        1
 Slow                     Hex            0%         N/A       100%        1
 Blink                    Tloc           0%         N/A       100%        2
 Cigotuvi's Dreadful Rot  Necr/Pois/Air  0%         N/A       100%        2
 Lesser Beckoning         Tloc           0%         N/A       100%        2
 Momentum Strike          Conj/Tloc      0%         3d8       100%        2
 Confusing Touch          Hex            0%         N/A       100%        3
 Frozen Ramparts          Ice            0%         1d1       100%        3
 Hailstorm                Conj/Ice       0%         3d3       100%        3
 Sigil of Binding         Hex            0%         N/A       100%        3
 Vampiric Draining        Necr           0%         2d6       100%        3
 Dispel Undead            Necr           0%         3d6       100%        4
 Death Channel            Necr           0%         N/A       100%        6


Dungeon Overview and Level Annotations

Branches:
Dungeon (10/15)            Temple (0/1) D:6            Lair (0/5) D:10
    Orc: D:9-12

Altars:
Ashenzari
Cheibriados
Dithmenos
Hepliaklqana
Kikubaaqudgha
Okawaru
Qazlal
Trog
Zin


Message History

The tengu warrior is moderately wounded.
The tengu warrior hits you with a +0 great sword.
You block the tengu warrior's attack.
The tengu warrior claws you but does no damage.
You sock the tengu warrior!
The tengu warrior is heavily wounded.
The tengu warrior hits you with a +0 great sword!
The tengu warrior pecks you but does no damage.
The tengu warrior completely misses you.
You barely miss the tengu warrior.
The tengu warrior is heavily wounded.
You block the tengu warrior's attack.
The tengu warrior pecks you but does no damage.
The tengu warrior claws you but does no damage.
You sock the tengu warrior!
The tengu warrior is heavily wounded.
You hit the tengu warrior but do no damage.
The tengu warrior is heavily wounded.
The tengu warrior barely misses you. You block the tengu warrior's attack.
The tengu warrior claws you.
You miss the tengu warrior.
The tengu warrior is heavily wounded.
The tengu warrior hits you with a +0 great sword!
* * * LOW HITPOINT WARNING * * *
The tengu warrior barely misses you. The tengu warrior claws you.
* * * LOW HITPOINT WARNING * * *
You miss the tengu warrior.
The tengu warrior is heavily wounded.
The orc warrior is no longer paralysed.
The tengu warrior hits you with a +0 great sword!
* * * LOW HITPOINT WARNING * * *
You block the tengu warrior's attack.
The tengu warrior claws you but does no damage.
The orc warrior hits you with a +0 war axe.
* * * LOW HITPOINT WARNING * * *
As you read the scroll of teleportation, it crumbles to dust.
You feel strangely unstable.
You block the tengu warrior's attack. x2
The tengu warrior barely misses you.
The orc warrior hits you with a +0 war axe!
You die...

#..# #.##..# #...#.......
#..# #.##..# #...#.....YY
#..# #.##..# #...#.......
#..# #.##..# #...#.......
#..# #.##..# #...#.=.....
#..# #.##..# #...#.......
####..# #.##..# #...#.......
......####.....###{..........
...............Q@oc{.........
#############################


You could see a tengu warrior, an orc warrior and a centaur.

Vanquished Creatures
  A two-headed ogre (D:9)
  Urug (D:10)
  Jeremiah (D:7)
  9 yaks (D:10)
  2 wyverns (D:10)
  A wraith (D:10)
  Edmund (D:6)
  2 steam dragons (D:6)
  Menkaure (D:6)
  2 water moccasins
  2 ice beasts
  An orc warrior (D:9)
  A sky beast (D:6)
  4 black bears
  An ogre (D:7)
  A phantom (D:4)
  8 centaurs
  3 kobold brigands
  5 bullfrogs
  A gnoll sergeant (D:7)
  7 scorpions
  7 wights
  4 killer bees (D:9)
  An electric eel (D:6)
  3 howler monkeys (D:9)
  3 hounds
  A gnoll bouda (D:9)
  A jelly (D:4)
  3 orc priests
  2 sleepcaps (D:6)
  An iguana (D:10)
  10 orc wizards
  8 gnolls
  11 adders
  A shadow imp (D:6)
  A white imp (D:6)
  7 ufetubi
  2 worms
  2 dart slugs (D:2)
  28 orcs
  9 endoplasms
  8 goblins
  5 hobgoblins
  5 quokkas
  2 ball pythons
  2 bats
  4 frilled lizards
  14 kobolds
  10 rats
210 creatures vanquished.

Vanquished Creatures (others)
  An ufetubus (D:6)
1 creature vanquished.

Grand Total: 211 creatures vanquished

Notes
Turn   | Place    | Note
-------+----------+-------------------------------------------
     0 | D:1      | Hubris850 the Hill Orc Fighter began the quest for the Orb.
     0 | D:1      | Reached XP level 1. HP: 19/19 MP: 1/1
   170 | D:1      | You fall into a shaft and drop 1 floor!
   190 | D:2      | Reached XP level 2. HP: 26/26 MP: 2/2
   338 | D:2      | Reached XP level 3. HP: 31/31 MP: 3/3
   724 | D:1      | Reached XP level 4. HP: 39/39 MP: 4/4
  1430 | D:2      | Found a faded altar of an unknown god.
  1469 | D:3      | Identified the of Upigy
  1573 | D:3      | Found a hazy altar of Hepliaklqana.
  1575 | D:3      | Noticed a scorpion
  1583 | D:3      | Killed a scorpion
  1584 | D:3      | Reached XP level 5. HP: 25/45 MP: 5/5
  1750 | D:3      | Found a shadowy altar of Dithmenos.
  1979 | D:3      | Identified the +8 mace "Ruraeq" {holy, Fly rN+}
  2133 | D:3      | Found a bloodstained altar of Trog.
  2261 | D:4      | Noticed a phantom
  2273 | D:4      | Killed a phantom
  2274 | D:4      | Reached skill level 5 in Axes
  2274 | D:4      | Reached skill level 5 in Armour
  2274 | D:4      | Reached skill level 5 in Shields
  2274 | D:4      | Reached XP level 6. HP: 45/51 MP: 6/6
  2559 | D:4      | Found a stormy altar of Qazlal.
  2567 | D:4      | Became a worshipper of Qazlal Stormbringer
  2656 | D:4      | Noticed a black bear
  2663 | D:4      | Killed a black bear
  2664 | D:4      | Reached skill level 2 in Invocations
  2904 | D:5      | Entered Level 5 of the Dungeon
  2909 | D:5      | Noticed a black bear
  2919 | D:5      | Killed a black bear
  2920 | D:5      | Reached skill level 3 in Invocations
  2920 | D:5      | Reached XP level 7. HP: 50/57 MP: 7/9
  3115 | D:5      | Identified a scroll of acquirement
  3115 | D:5      | Acquired 1201 gold pieces
  3131 | D:5      | Reached skill level 1 in Maces & Flails
  3159 | D:5      | Reached skill level 4 in Invocations
  3615 | D:6      | Found a broken altar of Ashenzari.
  3627 | D:6      | Noticed Menkaure
  3631 | D:6      | Noticed Edmund
  3634 | D:6      | Killed Menkaure
  3635 | D:6      | Reached skill level 5 in Invocations
  3635 | D:6      | Reached XP level 8. HP: 51/64 MP: 11/11
  3640 | D:6      | Killed Edmund
  3706 | D:6      | Reached skill level 6 in Invocations
  3795 | D:6      | Found an iron altar of Okawaru.
  4100 | D:6      | Reached * piety under Qazlal
  4156 | D:6      | Reached skill level 5 in Maces & Flails
  4156 | D:6      | Reached skill level 7 in Invocations
  4445 | D:6      | Reached skill level 8 in Invocations
  4591 | D:6      | Reached XP level 9. HP: 60/70 MP: 15/15
  4949 | D:6      | Reached skill level 9 in Invocations
  5052 | D:6      | Found a staircase to the Ecumenical Temple.
  5385 | D:7      | Reached skill level 10 in Invocations
  5625 | D:7      | Found a snail-covered altar of Cheibriados.
  5625 | D:7      | Found a glowing silver altar of Zin.
  5638 | D:7      | Found a faded altar of an unknown god.
  5640 | D:7      | Found a faded altar of an unknown god.
  5642 | D:7      | Found an ancient bone altar of Kikubaaqudgha.
  5736 | D:7      | Noticed Jeremiah
  5848 | D:7      | Killed Jeremiah
  5848 | D:7      | Reached ** piety under Qazlal
  5852 | D:7      | Reached skill level 11 in Invocations
  6193 | D:7      | Reached XP level 10. HP: 77/77 MP: 18/18
  7622 | D:9      | Reached skill level 12 in Invocations
  7734 | D:9      | Reached *** piety under Qazlal
  7735 | D:9      | Reached skill level 10 in Maces & Flails
  8034 | D:9      | Noticed a two-headed ogre
  8041 | D:9      | Killed a two-headed ogre
  8372 | D:10     | Entered Level 10 of the Dungeon
  8378 | D:10     | Identified the +6 quarterstaff of Sitiruise {spect, +Blink
                  | rF+ rC+ rCorr}
  8555 | D:10     | Reached skill level 13 in Invocations
  8833 | D:10     | Noticed Urug
  8839 | D:10     | Killed Urug
  8840 | D:10     | Reached XP level 11. HP: 77/82 MP: 21/21
  8881 | D:10     | Found a staircase to the Lair.
  8905 | D:10     | Reached skill level 14 in Invocations
  9042 | D:10     | Noticed a tengu warrior
  9077 | D:10     | HP: 2/82 [orc warrior/+0 war axe (6)]
  9078 | D:10     | Slain by an orc warrior

Illustrated notes

Levels and vault maps discovered:
D:1:      lemuel_arrival_funnel, layout_loops_ring, minmay_misc_feat_alley
D:2:      layout_basic, dilly_ecumenical_altar_fadedgnrine
D:3:      layout_rooms, mainiacjoe_overflow_24_doors, trog_book,
          lemuel_crystal_altar, minmay_misc_feat_hallway
D:4:      layout_cave_pools, grunt_qazlal_clouds
D:5:      layout_rooms, corexii_leaking_fountain, chequers_serial_rivers_small_b
D:6:      wad_river_or_something, layout_basic, ashenzari_conservatory_becter,
          old_standard_altar, uniq_menkaure, uniq_edmund
D:7:      layout_cave_pools, chequers_temple_overflow_minitemple,
          nicolae_zen_rock_garden, minmay_misc_feat_chi, nrook_loot_triangle,
          uniq_jeremiah
D:8:      layout_rooms, feat_on_display
D:9:      layout_gridville, minmay_fractal_squares_gapless_5
D:10:     layout_long_grid, minmay_lair_entry_grove, uniq_maggie, uniq_urug,
          uniq_harold

Skill      XL: |  1  2  3  4  5  6  7  8  9 10 11 |
---------------+----------------------------------+-----
Axes           | 3 4 5 6 |  6.9
Armour         | 4 5 |  5.0
Shields        | 4 5 |  5.0
Invocations    | 3 5 8 11 13 14 | 14.3
Maces & Flails | 3 6 8 11 | 11.8
Fighting       | |  3.6

Action                     |  1- 3 |  4- 6 |  7- 9 | 10-12 || total
---------------------------+-------+-------+-------+-------++-------
  Melee: War axe           |    77 |    98 |       |       ||   175
         Mace              |       |    43 |   282 |   233 ||   558
  Throw: Dart              |       |       |     7 |       ||     7
 Invoke: Upheaval          |       |       |       |     1 ||     1
  Evoke: Wand              |       |       |     7 |     2 ||     9
    Use: Scroll            |       |       |     9 |     8 ||    17
         Potion            |       |       |       |     3 ||     3
   Stab: Paralysed         |       |       |       |     4 ||     4
 Armour: Scale mail        |    54 |   106 |    10 |       ||   170
         Plate armour      |       |       |   362 |   228 ||   590
  Dodge: Dodged            |    29 |    67 |   123 |    73 ||   292
  Block: Buckler           |     9 |    34 |    98 |   117 ||   258

Table legend: (Time is in decaauts)
 A = Elapsed time spent in this place.
 B = Non-inter-level travel time spent in this place.
 C = Inter-level travel time spent in this place.
 D = Time resting spent in this place.
 E = Time spent auto-exploring this place.
 F = Levels seen in this place.
 G = Mean time per level.
                   A        B        C        D        E       F      G
               +--------+--------+--------+--------+--------+-----+--------+
         Total |   9166 |   8970 |    196 |   1765 |   5571 |  10 |  916.6 |
       Dungeon |   9166 |   8970 |    196 |   1765 |   5571 |  10 |  916.6 |
               +--------+--------+--------+--------+--------+-----+--------+

Top non-repeatable levels by time:
     D:6: 1907 daAuts
     D:9: 1329 daAuts
     D:7: 950 daAuts
     D:3: 766 daAuts
     D:2: 750 daAuts
     D:1: 750 daAuts
     D:4: 704 daAuts
    D:10: 696 daAuts
     D:5: 678 daAuts
     D:8: 631 daAuts
